 Dungeon Crawl Stone Soup version 0.25-a0-86-ga6f17ae7d4 (webtiles) character file.

Game seed: 10008194326523418011, levelgen mode: deterministic

4239 CasualChangeling the Zephyrmancer (level 10, 0/61 HPs)
             Began as a Tengu Air Elementalist on Nov 9, 2019.
             Was an Elder of Okawaru.
             Slain by a hornet (2 damage)
             ... while paralysed by a hornet
             ... on level 9 of the Dungeon.
             The game lasted 00:41:48 (11353 turns).

CasualChangeling the Zephyrmancer (TeAE)           Turns: 11353, Time: 00:41:48

Health: 0/61       AC:  6    Str:  9    XL:     10   Next: 30%
Magic:  19/20      EV:  2    Int: 19    God:    Okawaru [****..]
Gold:   511        SH:  0    Dex: 14    Spells: 6/22 levels left

rFire    + . .     SeeInvis .   b - +5 falchion
rCold    . . .     Gourm    .   (no shield)
rNeg     . . .     Faith    .   D - +0 troll leather armour
rPois    .         Spirit   .   (helmet restricted)
rElec    .         Reflect  .   g - +0 cloak
rCorr    .         Harm     .   k - +0 pair of gloves
MR       .....                  (boots unavailable)
Stlth    ++........             B - amulet of the acrobat
HPRegen  0.60/turn              p - ring of protection from fire
MPRegen  0.17/turn              (no ring)

@: paralysed, lethally poisoned (0 -> -1), flying quickly and evasively, slowed,
lightly drained, quick
A: beak, talons 3, able to fly
a: Stop Flying, Heroism, Renounce Religion


You were on level 9 of the Dungeon.
You worshipped Okawaru.
Okawaru was greatly pleased with you.
You were not hungry.

You visited 2 branches of the dungeon, and saw 10 of its levels.

You collected 511 gold pieces.

Inventory:

Hand Weapons
 b - a +5 falchion (weapon)
Missiles
 h - 35 poisoned darts (quivered)
 j - 6 javelins
 m - a throwing net
 s - 6 silver boomerangs
Armour
 g - a +0 cloak (worn)
 k - a +0 pair of gloves (worn)
 D - a +0 troll leather armour (worn)
Magical Staves
 a - an uncursed staff of air
Jewellery
 p - a ring of protection from fire (left hand)
 y - an uncursed amulet of magic regeneration
 B - an amulet of the acrobat (around neck)
Wands
 u - a wand of polymorph (8)
 v - a wand of flame (42)
 x - a wand of random effects (29)
 F - a wand of acid (7)
Scrolls
 i - 5 scrolls of identify
 l - 3 scrolls of teleportation
 r - 3 scrolls of remove curse
 w - a scroll of enchant weapon {unknown}
Potions
 d - 4 potions of curing
 e - 2 potions of brilliance
 f - a potion of invisibility {unknown}
 n - 4 potions of resistance {unknown}
 o - 3 potions of haste
 q - a potion of lignification {unknown}
 t - 2 potions of mutation {unknown}
 z - a potion of heal wounds {unknown}
 A - a potion of agility {unknown}
 E - a potion of ambrosia {unknown}
Comestibles
 c - 25 rations


   Skills:
 + Level 6.7(6.2) Fighting
 - Level 5.0(4.6) Long Blades
   Level 4.0(3.6) Polearms
 - Level 2.1(1.7) Dodging
 - Level 2.0(1.6) Stealth
 + Level 6.5(6.0) Spellcasting
 - Level 6.4(6.0) Conjurations
 + Level 9.0(8.5) Air Magic
 + Level 4.0(3.6) Invocations


You had 6 spell levels left.
You knew the following spells:

 Your Spells              Type           Power        Failure   Level  Hunger
a - Shock                 Conj/Air       ####         1%          1    None
b - Static Discharge      Conj/Air       ####....     2%          3    ##.....
c - Airstrike             Air            #####.....   4%          4    ####...
d - Lightning Bolt        Conj/Air       ####......   22%         5    #####..
e - Tukima's Dance        Hex            #.......     43%         3    ##.....

Your spell library contained the following spells:

 Spells                   Type           Power        Failure   Level  Hunger
 Swiftness                Chrm/Air       ###.....     4%          2    None
 Dazzling Spray           Conj/Hex       ###...       14%         3    ##.....
 Corona                   Hex            #......      16%         1    None
 Ensorcelled Hibernation  Hex/Ice        #.....       24%         2    None
 Slow                     Hex            #.......     24%         2    None
 Confuse                  Hex            #.......     43%         3    ##.....
 Inner Flame              Hex/Fire       #.......     43%         3    ##.....
 Portal Projectile        Hex/Tloc       #.....       43%         3    ##.....
 Cause Fear               Hex            #.........   83%         4    ####...
 Leda's Liquefaction      Hex/Erth       #.........   83%         4    ####...


Dungeon Overview and Level Annotations

Branches:
Dungeon (9/15)             Temple (1/1) D:6
   Lair: D:8-11         Orc: D:9-12

Altars:
Ashenzari
Cheibriados
Dithmenos
Elyvilon
Fedhas
Gozag
Hepliaklqana
Kikubaaqudgha
Makhleb
Nemelex Xobeh
Okawaru
Qazlal
Ru
Sif Muna
Trog
Uskayaw
Vehumet
Wu Jian
Xom
Yredelemnul
Zin
The Shining One

Shops:
D:6 (

Annotations:
D:8 exclusion: ice statue


Innate Abilities, Weirdness & Mutations

You have a beak for a mouth.
You have claws for feet.
You can fly continuously.


Message History

* * * LOW HITPOINT WARNING * * *
You feel as though you will be slow longer.
You feel better. The hornet stings you!
* * * LOW HITPOINT WARNING * * *
You are poisoned.
You feel as though you will be slow longer.
The hornet barely misses you.
You feel sick. The hornet barely misses you.
The hornet stings you but does no damage.
You feel sick. The hornet misses you.
You feel sick.
The hornet stings you but does no damage.
The hornet stings you.
* * * LOW HITPOINT WARNING * * *
You suddenly lose the ability to move!
You feel sick. The hornet stings you.
* * * LOW HITPOINT WARNING * * *
You shrug off the repeated paralysis!
The hornet barely misses you. The hornet stings you.
You die...

...#.#...............#
#..###..##
...#.#...............# #..#
#...#
.....................# #..#
##.#.
.....#...............###..#
##.#
.....#...#######..........#
##. #..#.###...#
#..........# ##
...#.......# #.#........# #
.#.###.#+### #.............
.#.....# #@..#########..
.###.#.# #y..# # .....'.#
#.# #...# ##...#.#.#.#
#.#.#
...).###...#####...####
...)..................#
#..##..##..#..###..##.#
...................##.#
................^..##.#


You could see a hornet.

Vanquished Creatures
  A troll (D:9)
  Prince Ribbit (D:6)
  3 hippogriffs
  Eustachio (D:5)
  An ice beast (D:8)
  3 orc warriors
  A phantom (D:4)
  A necrophage (D:7)
  3 ogres
  3 centaurs
  A big kobold (D:7)
  4 bullfrogs
  3 scorpions
  9 wights
  4 howler monkeys
  A centaur zombie (D:8)
  2 crimson imps
  A quasit (D:7)
  A centaur skeleton (D:4)
  2 hounds
  2 jellies
  2 orc priests
  A gnoll shaman (D:6)
  10 orc wizards
  A bullfrog skeleton (D:8)
  4 worker ants
  Natasha (D:4)
  A statue (D:8)
  7 gnolls
  2 howler monkey skeletons
  A worker ant zombie (D:6)
  6 adders
  2 shadow imps
  An adder zombie (D:7)
  3 adder skeletons
  2 worms
  2 dart slugs
  28 orcs
  4 ball pythons
  5 giant cockroaches
  7 goblins
  3 hobgoblins
  15 jackals
  4 quokkas
  A ball python skeleton (D:4)
  5 bats
  4 frilled lizards
  A jackal skeleton (D:4)
  A jackal zombie (D:8)
  9 kobolds
  7 rats
188 creatures vanquished.

Notes
Turn   | Place    | Note
-------+----------+-------------------------------------------
     0 | D:1      | CasualChangeling the Tengu Air Elementalist began the quest
                  | for the Orb.
     0 | D:1      | Reached XP level 1. HP: 10/10 MP: 4/4
   291 | D:1      | Reached XP level 2. HP: 16/16 MP: 0/6
   621 | D:1      | Reached skill level 1 in Fighting
   688 | D:1      | Reached XP level 3. HP: 18/20 MP: 4/7
   872 | D:1      | Learned a level 3 spell: Static Discharge
  1316 | D:2      | Found an iron altar of Okawaru.
  1332 | D:2      | Became a worshipper of Warmaster Okawaru
  1912 | D:3      | Reached XP level 4. HP: 23/25 MP: 1/8
  2547 | D:3      | Found a sparkling altar of Nemelex Xobeh.
  2582 | D:3      | Learned a level 4 spell: Airstrike
  2627 | D:3      | Found an ancient bone altar of Kikubaaqudgha.
  2629 | D:3      | Found a blossoming altar of Fedhas.
  2642 | D:3      | Reached skill level 5 in Air Magic
  2750 | D:3      | Gained mutation: You can fly continuously. [Tengu growth]
  2750 | D:3      | Reached XP level 5. HP: 30/30 MP: 6/10
  2809 | D:3      | Found an opulent altar of Gozag.
  3387 | D:4      | Noticed a phantom
  3440 | D:4      | Killed a phantom
  3440 | D:4      | Reached XP level 6. HP: 26/36 MP: 0/11
  3972 | D:4      | Found a hazy altar of Hepliaklqana.
  4959 | D:4      | Reached skill level 6 in Air Magic
  5255 | D:4      | Noticed Natasha
  5259 | D:4      | Killed Natasha
  5422 | D:5      | Entered Level 5 of the Dungeon
  5438 | D:5      | Reached XP level 7. HP: 41/41 MP: 11/13
  5507 | D:5      | Found a shattered altar of Ashenzari.
  5554 | D:5      | Noticed Eustachio
  5633 | D:5      | Killed Eustachio
  5633 | D:5      | Reached skill level 1 in Polearms
  5633 | D:5      | Reached skill level 5 in Conjurations
  5958 | D:5      | Found a stormy altar of Qazlal.
  6553 | D:6      | Found a staircase to the Ecumenical Temple.
  6604 | D:6      | Reached * piety under Okawaru
  6626 | Temple   | Entered the Ecumenical Temple
  6932 | D:6      | Reached XP level 8. HP: 48/48 MP: 8/15
  7235 | D:6      | Noticed Prince Ribbit
  7245 | D:6      | Killed Prince Ribbit
  7245 | D:6      | Reached skill level 1 in Long Blades
  7452 | D:6      | Reached skill level 5 in Spellcasting
  7459 | D:6      | HP: 2/48 [orc priest/divine providence (13)]
  7855 | D:6      | Found a shadowy altar of Dithmenos.
  7856 | D:6      | Found Ufin's Antique Weapon Emporium.
  7861 | D:6      | Reached skill level 1 in Invocations
  7915 | D:6      | Found an opulent altar of Gozag.
  7915 | D:6      | Found a sacrificial altar of Ru.
  7915 | D:6      | Found a burning altar of Makhleb.
  8048 | D:6      | Reached skill level 5 in Fighting
  8225 | D:7      | Reached ** piety under Okawaru
  8225 | D:7      | Reached XP level 9. HP: 53/53 MP: 3/17
  8460 | D:7      | Reached skill level 7 in Air Magic
  8502 | D:7      | Found a glowing golden altar of the Shining One.
  8504 | D:7      | Found a glowing silver altar of Zin.
  8505 | D:7      | Found a white marble altar of Elyvilon.
  8707 | D:7      | You are sucked into a shaft and drop 2 floors!
  9274 | D:8      | Reached *** piety under Okawaru
  9404 | D:8      | Reached skill level 8 in Air Magic
 10179 | D:8      | Reached XP level 10. HP: 55/59 MP: 17/20
 10249 | D:8      | Noticed a two-headed ogre
 10543 | D:8      | Found a radiant altar of Vehumet.
 10555 | D:8      | Learned a level 5 spell: Lightning Bolt
 10762 | D:8      | Noticed an ice statue
 10786 | D:8      | Learned a level 3 spell: Tukima's Dance
 10982 | D:9      | Reached **** piety under Okawaru
 10982 | D:9      | Reached skill level 5 in Long Blades
 11288 | D:9      | Reached skill level 9 in Air Magic
 11338 | D:9      | Paralysed by a hornet for 3 turns
 11351 | D:9      | Paralysed by a hornet for 3 turns
 11352 | D:9      | HP: 1/61 [hornet (6)]
 11353 | D:9      | Slain by a hornet

Levels and vault maps discovered:
D:1:      wander_arrival_desolate, layout_loops_ring
D:2:      layout_basic, chequers_serial_rivers_micro_b, minmay_misc_feat_five,
          okawaru_gym_becter
D:3:      layout_rooms, grunt_temple_overflow_growth_and_decay,
          lemuel_crystal_altar, grunt_gozag_breadcrumbs
D:4:      layout_cave_pods, lemuel_doored_altar, uniq_natasha
D:5:      layout_basic, grunt_qazlal_clouds, first_ration, ashenzari_altar_1,
          uniq_eustachio
D:6:      layout_loops_cross, gammafunk_temple_overflow_claw,
          minmay_temple_entry_crystal_x, serial_shops, shop,
          nicolae_dithmenos_through_a_glass_darkly, uniq_prince_ribbit1
D:7:      layout_basic, good_gods_temple_1, grunt_ogre_cave
D:8:      lemuel_ice_statue, layout_loops_cross, vehumet_statue
D:9:      minmay_inner_zag, layout_stronghold, serial_shops, nicolae_shop_trees,
          hangedman_abyss_or_decor_stabs
Temple:   compressed_dpeg_triangle_lava_temple

Skill      XL: |  1  2  3  4  5  6  7  8  9 10 |
---------------+-------------------------------+-----
Conjurations   | 2 3 4 5 6 |  6.4
Fighting       | 1 2 3 4 5 6 |  6.7
Air Magic      | 5 6 8 9 |  9.0
Spellcasting   | 3 4 5 6 |  6.5
Polearms       | 3 4 |  4.0
Long Blades    | 2 4 5 |  5.0
Invocations    | 1 3 4 |  4.0
Dodging        | |  2.1
Stealth        | |  2.0

Action                   |  1- 3 |  4- 6 |  7- 9 | 10-12 || total
-------------------------+-------+-------+-------+-------++-------
Melee: Unarmed           |     3 |       |       |       ||     3
       Kick              |     8 |    18 |    15 |     7 ||    48
       Dagger            |    45 |    89 |       |       ||   134
       Peck              |     5 |    13 |    11 |     6 ||    35
       Trident           |       |       |    21 |       ||    21
       Falchion          |       |       |    37 |    19 ||    56
       Staff             |       |       |     2 |     2 ||     4
Throw: Dart              |       |    14 |       |       ||    14
       Javelin           |       |     2 |       |       ||     2
 Cast: Shock             |    49 |    84 |   180 |    61 ||   374
       Static Discharge  |       |     8 |    40 |    15 ||    63
Invok: Heroism           |       |       |     1 |     2 ||     3
 Abil: Fly               |       |     1 |       |       ||     1
  Use: Scroll            |       |     9 |       |     1 ||    10
       Potion            |       |       |       |     2 ||     2
 Stab: Sleeping          |     3 |     1 |     1 |       ||     5
  Eat: Chunk             |     4 |     7 |    13 |     4 ||    28
       Ration            |       |     1 |     1 |       ||     2
Armor: Robe              |     3 |       |       |       ||     3
       Leather armour    |    16 |    31 |    32 |     2 ||    81
       Troll leather arm |       |       |       |     4 ||     4
Dodge: Dodged            |    49 |   122 |   135 |    54 ||   360
       Rpst.: Falchion   |       |       |    18 |     5 ||    23

Table legend:
 A = Non-vault XP
 B = Vault XP
 C = Vault XP percentage of total XP
 D = Non-vault monster count
 E = Vault monster count
 F = Vault count percentage of total count
                 A         B        C        D         E       F
            +---------+---------+-------+---------+---------+-------
      Total |    4500 |    1556 |  25.7 |     177 |      11 |   5.9
            +---------+---------+-------+---------+---------+-------
        D:1 |      40 |       0 |   0.0 |      23 |       0 |   0.0
        D:2 |      57 |       0 |   0.0 |      17 |       0 |   0.0
        D:3 |     139 |       0 |   0.0 |      21 |       0 |   0.0
        D:4 |     345 |      35 |   9.2 |      23 |       1 |   4.2
        D:5 |     186 |     203 |  52.2 |      15 |       1 |   6.2
        D:6 |     977 |     277 |  22.1 |      22 |       1 |   4.3
        D:7 |     368 |     113 |  23.5 |      13 |       1 |   7.1
        D:8 |    1837 |      32 |   1.7 |      29 |       1 |   3.3
        D:9 |     492 |     896 |  64.6 |      13 |       6 |  31.6
     Temple |      59 |       0 |   0.0 |       1 |       0 |   0.0
            +---------+---------+-------+---------+---------+-------
